 Dungeon Crawl Stone Soup version 0.26-a0-720-g2a1d101370 (webtiles) character file.

Game seed: 11204490475985984021

152 lunkers the Chopper (level 5, -2/42 HPs)
             Began as a Demonspawn Fighter on Nov 2, 2020.
             Killed by divine providence
             ... invoked by an orc priest
              (11 damage)
             ... on level 3 of the Dungeon.
             The game lasted 00:02:58 (2261 turns).

lunkers the Chopper (Demonspawn Fighter)            Turns: 2261, Time: 00:02:59

Health: -2/42      AC:  8    Str: 17    XL:     5   Next: 11%
Magic:  5/5        EV: 11    Int:  9    God:
Gold:   96         SH:  8    Dex: 13    Spells: 4/4 levels left

rFire    . . .     SeeInvis +   a - +0 war axe
rCold    + . .     Faith    .   c - +0 kite shield
rNeg     . . .     Spirit   .   b - +0 scale mail
rPois    .         Reflect  .   (helmet restricted)
rElec    .         Harm     .   n - +0 cloak
rCorr    .         Rampage  .   h - +0 pair of gloves
MR       .....                  (no boots)
Stlth    ..........             (no amulet)
HPRegen  0.14/turn              f - ring of see invisible
MPRegen  0.09/turn              i - ring of protection from cold

@: agile
A: horns 1, powered by pain 3
a: no special abilities


You were on level 3 of the Dungeon.
You visited 1 branch of the dungeon, and saw 3 of its levels.

You collected 96 gold pieces.

Inventory:

Hand Weapons
 a - a +0 war axe (weapon)
Armour
 b - a +0 scale mail (worn)
 c - a +0 kite shield (worn)
 h - a +0 pair of gloves (worn)
 n - a +0 cloak (worn)
Jewellery
 f - a ring of see invisible (left hand)
 i - a ring of protection from cold (right hand)
Scrolls
 e - a scroll of enchant weapon {unknown}
 g - a scroll of blinking {unknown}
 j - 2 scrolls of remove curse {unknown}
 k - 2 scrolls of identify {unknown}
 m - a scroll of enchant armour {unknown}
 p - a scroll of magic mapping {unknown}
Potions
 d - a potion of might
 l - 2 potions of degeneration {unknown}
 o - a potion of curing {unknown}


   Skills:
 + Level 4.1 Fighting
 * Level 4.1 Axes
 - Level 2.6 Armour
 - Level 2.6 Shields


You had 4 spell levels left.
You didn't know any spells.
Your spell library was empty.

Dungeon Overview and Level Annotations

Branches:
Dungeon (3/15)

Altars:
Ashenzari


Innate Abilities, Weirdness & Mutations

You have a pair of small horns on your head.
You are powered by pain.


Message History

The orc priest closely misses you.
You slash the orc priest!
The orc priest is severely wounded.
The orc priest hits you but does no damage.
You hit the orc priest.
The orc priest is almost dead.
You block the orc priest's attack. The orc priest hits you with a +0 whip.
* * * LOW HITPOINT WARNING * * *
Unknown command.
Unknown command.
Your shield prevents you from hitting the orc priest.
The orc priest is almost dead.
You block the orc priest's attack.
Unknown command.
You closely miss the orc priest. Your headbutt misses the orc priest.
The orc priest is almost dead.
The orc priest hits you but does no damage.
The orc priest calls down the wrath of Beogh upon you.
Beogh smites you!
You die... ... #.# #.# #.# lo.

#o# #o#
########@#
#........#
#.######## #.#
#.#
########†######
..............#
#######.#####.#
#######.#####.#


You could see an orc priest, 2 orcs and a leopard gecko.

Vanquished Creatures
  An orc wizard (D:3)
  5 adders (D:2)
  5 worms (D:2)
  A dart slug (D:1)
  4 leopard geckos (D:1)
  An orc (D:3)
  3 giant cockroaches
  5 goblins
  8 hobgoblins
  5 jackals
  4 kobolds
  A quokka (D:2)
  4 bats
  3 frilled lizards
  13 rats
63 creatures vanquished.

Notes
Turn   | Place    | Note
-------+----------+-------------------------------------------
     0 | D:1      | lunkers the Demonspawn Fighter began the quest for the Orb.
     0 | D:1      | Reached XP level 1. HP: 18/18 MP: 1/1
   228 | D:1      | Gained mutation: You have a pair of small horns on your
                  | head. [demonic ancestry]
   228 | D:1      | Reached XP level 2. HP: 24/24 MP: 2/2
   693 | D:1      | Gained mutation: You sometimes gain a little power by
                  | taking damage. [demonic ancestry]
   693 | D:1      | Reached XP level 3. HP: 27/29 MP: 3/3
  1316 | D:2      | Gained mutation: You sometimes gain power by taking damage.
                  | [demonic ancestry]
  1316 | D:2      | Reached XP level 4. HP: 36/37 MP: 4/4
  1396 | D:2      | Found a broken altar of Ashenzari.
  2256 | D:3      | Gained mutation: You are powered by pain. [demonic
                  | ancestry]
  2256 | D:3      | Reached XP level 5. HP: 9/42 MP: 5/5
  2261 | D:3      | Killed from afar by an orc priest

Illustrated notes

Levels and vault maps discovered:
D:1:      tarquinn_simple_flora_water_c, layout_basic
D:2:      layout_basic, nicolae_overflow_crystal_walls
D:3:      layout_loops_ring, grunt_temple_overflow_lords_of_destruction,
          kennysheep_generic_room_2, uniq_terence, uniq_natasha, uniq_grinder

Skill      XL: |  1  2  3  4 |
---------------+-------------+-----
Axes           | 2 3 4 |  4.1
Fighting       | 4 |  4.1
Armour         | |  2.6
Shields        | |  2.6

Action                   |  1- 3 |  4- 6 || total
-------------------------+-------+-------++-------
Melee: War axe           |    89 |    89 ||   178
       Headbutt          |    10 |    16 ||    26
  Use: Potion            |     1 |       ||     1
Armor: Scale mail        |    37 |    36 ||    73
Dodge: Dodged            |    22 |    30 ||    52
Block: Kite shield       |    50 |    39 ||    89

Table legend: (Time is in decaauts)
 A = Elapsed time spent in this place.
 B = Non-inter-level travel time spent in this place.
 C = Inter-level travel time spent in this place.
 D = Time resting spent in this place.
 E = Time spent auto-exploring this place.
 F = Levels seen in this place.
 G = Mean time per level.
                   A        B        C        D        E       F      G
               +--------+--------+--------+--------+--------+-----+--------+
         Total |   2337 |   2260 |     77 |      0 |   1797 |   3 |  779.0 |
       Dungeon |   2337 |   2260 |     77 |      0 |   1797 |   3 |  779.0 |
               +--------+--------+--------+--------+--------+-----+--------+

Top non-repeatable levels by time:
     D:2: 1276 daAuts
     D:1: 997 daAuts
     D:3: 62 daAuts
